 Dungeon Crawl Stone Soup version 0.30.2 (webtiles) character file.

Game seed: 16835522729781653940

81 porpoise the Ducker (level 4, -4/34 HPs)
             Began as a Demonspawn Gladiator on Apr 14, 2024.
             Killed by divine providence
             ... invoked by an orc priest
              (10 damage)
             ... on level 3 of the Dungeon.
             The game lasted 00:03:52 (1797 turns).

porpoise the Ducker (Demonspawn Gladiator)          Turns: 1797, Time: 00:03:52

Health: -4/34      AC:  6    Str: 16    XL:     4   Next: 19%
Magic:  4/4        EV: 11    Int: 10    God:
Gold:   126        SH:  0    Dex: 14    Spells: 3/3 levels left

rFire   . . .        a - +0 trident
rCold   . . .        (no shield)
rNeg    . . .        i - +0 ring mail
rPois   +            c - +0 helmet
rElec   .            (no cloak)
rCorr   .            (no gloves)
SInv    .            (no boots)
Will    .....        (no amulet)
Stlth   +            s - ring of poison resistance
HPRegen 0.25/turn    (no ring)
MPRegen 0.09/turn

%: no passive effects
@: no status effects
A: claws 2, powered by death 1
a: no special abilities


You were on level 3 of the Dungeon.
You visited 1 branch of the dungeon, and saw 3 of its levels.

You collected 126 gold pieces.

Inventory:

Hand Weapons
 a - a +0 trident (weapon)
 b - a +0 sling
Missiles
 d - 3 throwing nets (quivered)
 e - 3 javelins
Armour
 c - a +0 helmet (worn)
 i - a +0 ring mail (worn)
Jewellery
 s - a ring of poison resistance (left claw)
Scrolls
 h - 2 scrolls of identify {unknown}
 j - a scroll of summoning {unknown}
 k - 2 scrolls of enchant weapon {unknown}
 l - a scroll of magic mapping {unknown}
 m - a scroll of amnesia {unknown}
 n - 2 scrolls of fear {unknown}
 p - a scroll of teleportation {unknown}
Potions
 f - a potion of might {unknown}
 g - a potion of curing {unknown}
 o - a potion of mutation {unknown}
 q - a potion of brilliance {unknown}
 r - 2 potions of lignification {unknown}
 t - a potion of flight {unknown}


   Skills:
 + Level 2.8 Fighting
 + Level 3.2 Polearms
 + Level 2.4 Throwing
 + Level 3.2 Dodging


You had 3 spell levels left.
You didn't know any spells.
Your spell library contained the following spells:

 Spells                   Type           Power      Damage    Failure   Level
 Shock                    Conj/Air       0%         1d3       58%         1
 Swiftness                Air            0%         N/A       91%         3
 Airstrike                Air            0%         2d(0-16)  100%        4


Dungeon Overview and Level Annotations

Branches:
Dungeon (3/15)

Altars:

Shops:
D:2 (


Innate Abilities, Weirdness & Mutations

You have very sharp fingernails.
You regenerate a little health from kills.


Message History

You feel sick.
The orc wizard hits you with a +2 dagger of venom.
You closely miss the orc.
You feel sick. The orc hits you with a +0 club.
* * * LOW HITPOINT WARNING * * *
Okay, then.
You barely miss the orc.
You feel sick. The orc hits you but does no damage.
You barely miss the orc.
You feel sick.
You are no longer poisoned.
The orc wizard mumbles some strange words.
The orc wizard flickers and vanishes!
Deactivating autopickup; reactivate with Ctrl-A.
The orc hits you with a +0 club.
* * * LOW HITPOINT WARNING * * *
You hit the orc.
The orc is lightly wounded.
The orc closely misses you.
You barely miss the orc.
The orc is lightly wounded.
The orc closely misses you.
You closely miss the orc.
The orc is lightly wounded.
The orc hits you but does no damage.
You closely miss the orc.
The orc is lightly wounded.
The orc hits you but does no damage. The orc closely misses you.
You completely miss the orc.
The orc is lightly wounded.
The orc hits you with a +0 club.
* * * LOW HITPOINT WARNING * * *
You completely miss the orc.
The orc is lightly wounded.
The orc hits you with a +0 club.
* * * LOW HITPOINT WARNING * * *
You hit the orc.
The orc is moderately wounded.
The orc barely misses you. The orc attacks as you move away!
The orc completely misses you.
The orc priest calls down the wrath of Beogh upon you.
Beogh smites you!
You die...

.# ##### #.# .#......
#o# .#...... #o#
...........# #o#
<#.........# #{#
.#.........# #.#
.#.........# #o#
.+..>......## #.#
.#..........####@#####.#
.#..........+...........
.###.####...####.###.#.#
............# #.#
####)###....# #.# #.#
#....# #.#
####.###....####.#
#........#.......#
#.##.#############


You could see an orc priest and 3 orcs.

Vanquished Creatures
  3 adders (D:2)
  2 worms (D:2)
  5 bats
  3 endoplasms
  2 giant cockroaches
  7 goblins
  10 hobgoblins
  2 ball pythons (D:1)
  2 frilled lizards
  7 kobolds
  4 rats
47 creatures vanquished.

Notes
Turn   | Place    | Note
-------+----------+-------------------------------------------
     0 | D:1      | porpoise the Demonspawn Gladiator began the quest for the
                  | Orb.
     0 | D:1      | Reached XP level 1. HP: 16/16 MP: 1/1
   163 | D:1      | Gained mutation: You regenerate a little health from kills.
                  | [demonic ancestry]
   163 | D:1      | Reached XP level 2. HP: 22/22 MP: 2/2
  1022 | D:2      | Gained mutation: You have sharp fingernails. [demonic
                  | ancestry]
  1022 | D:2      | Reached XP level 3. HP: 28/28 MP: 3/3
  1370 | D:2      | Gained mutation: You have very sharp fingernails. [demonic
                  | ancestry]
  1370 | D:2      | Reached XP level 4. HP: 34/34 MP: 4/4
  1517 | D:2      | Found Leedd's Weapon Boutique.
  1797 | D:3      | Killed from afar by an orc priest

Illustrated notes

Levels and vault maps discovered:
D:1:      giann_bridges, layout_basic
D:2:      layout_rooms, serial_shops, shop
D:3:      layout_basic, mainiacjoe_overflow_alcove_4,
          mainiacjoe_overflow_24_doors

Skill      XL: |  1  2 |
---------------+-------+-----
Throwing       | 2 |  2.4
Dodging        | 3 |  3.2
Polearms       | 3 |  3.2
Fighting       | |  2.8

Action                     |  1- 3 |  4- 6 || total
---------------------------+-------+-------++-------
  Melee: Trident           |   123 |    58 ||   181
 Armour: Leather armour    |     3 |       ||     3
         Ring mail         |    24 |    12 ||    36
  Dodge: Dodged            |    60 |    27 ||    87
